 Dungeon Crawl Stone Soup version 0.30.1-11-g7821555f0a (webtiles) character file.

Game seed: 1981527972638373397

1327 TheBigCreep the Conjurer (level 8, -1/56 HPs)
             Began as a Demonspawn Conjurer on Nov 20, 2023.
             Was an Initiate of Nemelex Xobeh.
             Killed from afar by Dowan (19 damage)
             ... with a stone arrow
             ... on level 5 of the Dungeon.
             The game lasted 00:12:28 (2283 turns).

TheBigCreep the Conjurer (Demonspawn Conjurer)      Turns: 2283, Time: 00:12:31

Health: -1/56      AC:  2    Str:  9 (10) XL:     8   Next: 34%
Magic:  1/12       EV: 12    Int: 18 (20) God:    Nemelex Xobeh [......]
Gold:   222        SH:  5    Dex: 10 (11) Spells: 3/13 levels left

rFire   + . .        i - +2 short sword (venom)
rCold   + . .        (no shield)
rNeg    . . .        a - +0 robe
rPois   +            (no helmet)
rElec   +            (no cloak)
rCorr   +            (no gloves)
SInv    .            (no boots)
Will    .....        m - amulet of reflection
Stlth   ++           e - +4 ring of slaying
HPRegen 0.29/turn    j - ring of resist corrosion
MPRegen 0.13/turn

%: reflection
@: resistant, attractive
A: claws 1, foul stench 1, icemail 1, condensation shield
a: Renounce Religion, Draw Escape, Draw Destruction, Draw Summoning


You were on level 5 of the Dungeon.
You worshipped Nemelex Xobeh.
Nemelex Xobeh was noncommittal.
You visited 2 branches of the dungeon, and saw 6 of its levels.
You also visited: Ossuary.

You collected 222 gold pieces.

Inventory:

Hand Weapons
 i - a +2 short sword of venom (weapon)
Missiles
 f - 5 boomerangs (quivered)
Armour
 a - a +0 robe (worn)
Jewellery
 e - a +4 ring of slaying (left claw)
 j - a ring of resist corrosion (right claw)
 m - an amulet of reflection (around neck)
Wands
 d - a wand of paralysis (5)
Scrolls
 n - a scroll of fog
 s - a scroll of vulnerability
Potions
 b - a potion of berserk rage {unknown}
 c - a potion of mutation {unknown}
 h - a potion of resistance
 k - a potion of curing
 o - a potion of degeneration


   Skills:
 * Level 2.2 Fighting
 * Level 2.0 Short Blades
 * Level 2.0 Throwing
 * Level 2.2 Armour
 * Level 3.2 Dodging
 * Level 3.3 Stealth
 + Level 0.2 Shields
 * Level 1.5 Unarmed Combat
 * Level 3.1 Spellcasting
 * Level 6.3 Conjurations
 * Level 2.1 Hexes
 * Level 2.2 Fire Magic
 * Level 2.3 Evocations


You had 3 spell levels left.
You knew the following spells:

 Your Spells              Type           Power      Damage    Failure   Level
a - Magic Dart            Conj           100%       1d8       1%          1
b - Searing Ray           Conj           50%        2d6       1%          2
c - Inner Flame           Hex/Fire       10%        N/A       19%         3
d - Flame Wave            Conj/Fire      18%        2d7       26%         4

Your spell library contained the following spells:

 Spells                   Type           Power      Damage    Failure   Level
 Dazzling Flash           Conj/Hex       36%        N/A       9%          3
 Sticky Flame             Conj/Fire      18%        2d4       26%         4
 Fulminant Prism          Conj/Hex       9%         3d7       28%         4
 Iskenderun's Mystic Bla  Conj/Tloc      14%        2d5       41%         4


Dungeon Overview and Level Annotations

Branches:
Dungeon (5/15)             Temple (1/1) D:5         Ossuary (visited)

Altars:
Ashenzari
Cheibriados
Fedhas
Hepliaklqana
Kikubaaqudgha
Nemelex Xobeh
Okawaru
Sif Muna
Vehumet
Wu Jian
Yredelemnul

Annotations:
D:5 Dowan


Innate Abilities, Weirdness & Mutations

You have sharp fingernails.
You may rarely emit foul miasma when damaged in melee.
A meltable icy envelope protects you from harm. (AC +0)
A meltable shield of frost defends you. (SH +0)


Message History

Your Short Blades skill increases to level 2!
Your Throwing skill increases to level 2!
Aiming: Paralyse
Press: ? - help, Shift-Dir - straight line, f - Dowan
Aim: Dowan, wielding a +0 dagger and wearing a +2 robe of willpower (fast, spells empowered, chance to affect: 22%)
Okay, then.
It was a potion of heal wounds.
You feel much better. Dowan hits you with a +0 dagger.
You hit Dowan.
Dowan is poisoned.
Dowan is lightly wounded.
Dowan hits you with a +0 dagger. x2
You closely miss Dowan.
Dowan is lightly wounded.
Dowan casts a spell at you. The shard of ice hits you!! You partially resist.
Your magical contamination has completely faded away.
The orc is attracted toward you.
Casting: Flame Wave (quite dangerous; 26% risk of failure)
Confirm with . or Enter, or press ? or * to list all spells.
Aiming: Searing Ray (safe; 1% risk of failure)
Press: ? - help, Shift-Dir - straight line, f - Dowan
Aim: Dowan, wielding a +0 dagger and wearing a +2 robe of willpower (moderately wounded, fast, spells empowered, very poisoned, 71% to hit)
The searing ray misses Dowan. (Press . to maintain the ray.)
The orc shouts!
Dowan shakes with grief.
Dowan hits you with a +0 dagger. x2; The orc is attracted toward you.
The searing ray hits Dowan but does no damage.
Dowan is moderately wounded.
The searing ray hits the orc!
You kill the orc!
Dowan misses you.
The searing ray misses Dowan.
Dowan gestures at you while chanting.
You block shard of ice... and reflect it back!
The shard of ice hits Dowan!
Dowan points at you and mumbles some strange words.
The stone arrow hits you!!
You die...
Your body disappears without a glow.

........##
........##
.?...... .
#...#.# # #§....#
##.!.#.#
######....#.##.##
#...@e).§.......#
#..........##.#.#
#..........# #
#..........#
#............
########....##
.....# ...#..#


You could see Dowan (fast, empowered, very poisoned).

Vanquished Creatures
  Pikel (D:4)
  Menkaure (D:4)
  Duvessa (D:5)
  An ogre (Temple)
  2 lemures (D:4)
  2 elf zombies (Ossuary)
  A bullfrog (Temple)
  A scorpion (Temple)
  2 centaur zombies (Ossuary)
  A human zombie (Ossuary)
  Natasha (D:3)
  3 hound zombies (Ossuary)
  3 mummies (Ossuary)
  4 gnolls
  3 adder zombies (Ossuary)
  2 dart slugs
  An orc (D:5)
  2 endoplasms
  A hobgoblin (D:2)
  5 jackals
  A quokka (D:2)
  A ball python (D:4)
  A bat (D:1)
  A frilled lizard (D:2)
  A gnoll zombie (Ossuary)
  2 goblins
  3 goblin zombies (Ossuary)
  A hobgoblin zombie (Ossuary)
  3 jackal zombies (Ossuary)
  5 kobolds
  5 kobold zombies (Ossuary)
  An orc zombie (Ossuary)
  2 quokka zombies (Ossuary)
  2 rats
  4 rat zombies (Ossuary)
71 creatures vanquished.

Notes
Turn   | Place    | Note
-------+----------+-------------------------------------------
     0 | D:1      | TheBigCreep the Demonspawn Conjurer began the quest for the
                  | Orb.
     0 | D:1      | Reached XP level 1. HP: 13/13 MP: 3/3
   388 | D:1      | Found a faded altar of an unknown god.
   524 | D:1      | Gained mutation: A meltable shield of frost defends you.
                  | (SH +0) [demonic ancestry]
   524 | D:1      | Reached XP level 2. HP: 18/19 MP: 3/5
   527 | D:1      | Learned a level 2 spell: Searing Ray
   870 | D:2      | Reached XP level 3. HP: 8/25 MP: 1/6
   931 | D:2      | Learned a level 3 spell: Inner Flame
   996 | D:3      | Noticed Natasha
  1001 | D:3      | Killed Natasha
  1002 | D:3      | Reached XP level 4. HP: 16/31 MP: 2/7
  1143 | D:4      | Noticed Menkaure
  1152 | D:4      | Killed Menkaure
  1153 | D:4      | Reached skill level 1 in Fighting
  1153 | D:4      | Reached skill level 1 in Armour
  1153 | D:4      | Reached skill level 5 in Conjurations
  1153 | D:4      | Reached skill level 1 in Evocations
  1153 | D:4      | Gained mutation: You have sharp fingernails. [demonic
                  | ancestry]
  1153 | D:4      | Reached XP level 5. HP: 21/37 MP: 3/8
  1209 | D:4      | Found a blossoming altar of Fedhas.
  1244 | D:4      | Noticed a lemure
  1244 | D:4      | Noticed a lemure
  1244 | D:4      | Noticed Pikel
  1245 | D:4      | Noticed a lemure
  1247 | D:4      | Noticed a lemure
  1248 | D:4      | Killed a lemure
  1248 | D:4      | Killed a lemure
  1253 | D:4      | Killed Pikel
  1254 | D:4      | Reached skill level 1 in Short Blades
  1254 | D:4      | Reached skill level 1 in Throwing
  1254 | D:4      | Reached skill level 1 in Unarmed Combat
  1254 | D:4      | Reached skill level 6 in Conjurations
  1254 | D:4      | Reached skill level 1 in Hexes
  1254 | D:4      | Reached skill level 1 in Fire Magic
  1254 | D:4      | Gained mutation: A meltable icy envelope protects you from
                  | harm. (AC +0) [demonic ancestry]
  1254 | D:4      | Reached XP level 6. HP: 35/44 MP: 1/10
  1254 | D:4      | Reached XP level 7. HP: 39/49 MP: 1/11
  1305 | D:4      | Learned a level 4 spell: Flame Wave
  1358 | D:5      | Entered Level 5 of the Dungeon
  1358 | D:5      | Found a sand-covered staircase.
  1368 | Ossuary  | Entered an ossuary
  2022 | Ossuary  | Gained mutation: You may rarely emit foul miasma when
                  | damaged in melee. [demonic ancestry]
  2022 | Ossuary  | Reached XP level 8. HP: 50/56 MP: 5/12
  2043 | D:5      | Found a staircase to the Ecumenical Temple.
  2053 | Temple   | Entered the Ecumenical Temple
  2207 | Temple   | Became a worshipper of Nemelex Xobeh the Trickster
  2263 | D:5      | Noticed Duvessa
  2266 | D:5      | Noticed Dowan
  2277 | D:5      | Killed Duvessa
  2283 | D:5      | Killed from afar by Dowan

Illustrated notes

Levels and vault maps discovered:
D:1:      onia_arrival_mini_maze_b, layout_basic,
          hellmonk_ecumenical_altar_run_dry
D:2:      kennysheep_the_goblin_king, layout_basic, nicolae_grassy_gnolls,
          uniq_jessica
D:3:      layout_basic, nicolae_tso_carved_into_rock,
          nicolae_dithmenos_through_a_glass_darkly,
          nicolae_qazlal_style_of_elements, uniq_natasha
D:4:      layout_basic, fedhas_altar_fruit_tree,
          grunt_temple_overflow_order_and_chaos_1, uniq_eustachio, uniq_pikel,
          uniq_menkaure, uniq_crazy_yiuf_cottage, uniq_robin
D:5:      layout_rooms, minmay_temple_entry_grid, enter_ossuary_3, uniq_duvessa
Temple:   nicolae_temple_ecumenical_triangle

Skill      XL: |  1  2  3  4  5  6  7  8 |
---------------+-------------------------+-----
Dodging        | 2 3 |  3.2
Stealth        | 2 3 |  3.3
Fighting       | 1 2 |  2.2
Armour         | 1 2 |  2.2
Conjurations   | 5 6 |  6.3
Evocations     | 1 2 |  2.3
Short Blades   | 1 2 |  2.0
Throwing       | 1 2 |  2.0
Unarmed Combat | 1 |  1.5
Hexes          | 1 2 |  2.1
Fire Magic     | 1 2 |  2.2
Spellcasting   | 3 |  3.1
Shields        | |  0.2

Action                     |  1- 3 |  4- 6 |  7- 9 || total
---------------------------+-------+-------+-------++-------
  Melee: Short sword       |     6 |    12 |    48 ||    66
         Punch             |       |       |     1 ||     1
  Throw: Boomerang         |     2 |     3 |    28 ||    33
   Cast: Magic Dart        |    10 |       |     3 ||    13
         Searing Ray       |     5 |     4 |    16 ||    25
         Inner Flame       |       |     1 |       ||     1
         Flame Wave        |       |       |     1 ||     1
  Evoke: Wand              |     1 |       |     1 ||     2
    Use: Scroll            |     3 |     1 |     3 ||     7
         Potion            |     1 |       |     8 ||     9
   Stab: Paralysed         |     1 |       |     3 ||     4
         Sleeping          |       |       |     1 ||     1
 Armour: Robe              |     1 |     1 |    51 ||    53
  Dodge: Dodged            |    10 |    17 |    64 ||    91
  Block: Other             |       |     1 |    17 ||    18
         Reflection        |       |       |     1 ||     1
